 Dungeon Crawl Stone Soup version 0.28.0-53-g5a82cb258f (webtiles) character file.

Game seed: 4287721735413474683

422 DocClef the Firebug (level 6, -8/39 HPs)
             Began as a Gnoll Fire Elementalist on July 20, 2022.
             Was a Follower of Hepliaklqana.
             Killed from afar by a gargoyle (26 damage)
             ... with a stone arrow
             ... on level 5 of the Dungeon.
             The game lasted 00:04:26 (5566 turns).

DocClef the Firebug (Gnoll Fire Elementalist)       Turns: 5566, Time: 00:04:27

Health: -8/39      AC:  2    Str:  8    XL:     6   Next: 95%
Magic:  5/14       EV: 13    Int: 16    God:    Hepliaklqana [*.....]
Gold:   249        SH:  0    Dex: 12    Spells: 6/15 levels left

rFire   . . .      SeeInvis .   p - +2 short sword (freeze)
rCold   . . .      Faith    .   (no shield)
rNeg    . . .      Spirit   .   a - +0 robe
rPois   .          Reflect  .   (no helmet)
rElec   .          Harm     .   (no cloak)
rCorr   .          Rampage  .   (no gloves)
Will    .....                   (no boots)
Stlth   +++.......              (no amulet)
HPRegen 0.13/turn               (no ring)
MPRegen 0.14/turn               (no ring)

@: very slightly contaminated
A: reduced essence, fangs 1, strong nose, distributed training
a: Renounce Religion, Recall Ancestor, Ancestor Identity


You were on level 5 of the Dungeon.
You worshipped Hepliaklqana.
Hepliaklqana was aware of your devotion.
You visited 2 branches of the dungeon, and saw 6 of its levels.

You collected 249 gold pieces.

Inventory:

Hand Weapons
 e - a +2 vampiric whip
 p - a +2 short sword of freezing (weapon)
Armour
 a - a +0 robe (worn)
Jewellery
 j - a +4 ring of evasion
Scrolls
 c - 3 scrolls of identify {unknown}
 f - a scroll of immolation {unknown}
 g - a scroll of brand weapon {unknown}
 i - 2 scrolls of noise {unknown}
 l - a scroll of acquirement {unknown}
 m - a scroll of vulnerability {unknown}
 o - a scroll of enchant weapon {unknown}
Potions
 b - a potion of attraction {unknown}
 d - a potion of mutation {unknown}
 h - a potion of berserk rage {unknown}
 k - a potion of resistance {unknown}
 n - a potion of lignification {unknown}
 q - a potion of magic {unknown}


   Skills:
 + Level 2.1 Fighting
 + Level 2.1 Short Blades
 + Level 2.1 Long Blades
 + Level 2.1 Axes
 + Level 2.1 Maces & Flails
 + Level 2.1 Polearms
 + Level 2.1 Staves
 + Level 2.1 Slings
 + Level 2.1 Bows
 + Level 2.1 Crossbows
 + Level 2.1 Throwing
 + Level 2.1 Armour
 + Level 5.1 Dodging
 + Level 4.7 Stealth
 + Level 2.1 Shields
 + Level 2.1 Unarmed Combat
 + Level 5.4 Spellcasting
 + Level 2.7 Conjurations
 + Level 1.7 Hexes
 + Level 1.7 Summonings
 + Level 1.7 Necromancy
 + Level 1.7 Translocations
 + Level 1.7 Transmutations
 + Level 5.7 Fire Magic
 + Level 1.7 Ice Magic
 + Level 1.7 Air Magic
 + Level 1.7 Earth Magic
 + Level 1.7 Poison Magic
 + Level 2.4 Invocations
 + Level 2.1 Evocations


You had 6 spell levels left.
You knew the following spells:

 Your Spells              Type           Power      Damage    Failure   Level
a - Foxfire               Conj/Fire      72%        2x1d7     2%          1
b - Scorch                Fire           44%        2d7       1%          2
c - Conjure Flame         Conj/Fire      18%        6-21      8%          3
d - Inner Flame           Hex/Fire       16%        N/A       10%         3

Your spell library contained the following spells:

 Spells                   Type           Power      Damage    Failure   Level
 Flame Wave               Conj/Fire      18%        2d6       26%         4


Dungeon Overview and Level Annotations

Branches:
Dungeon (5/15)             Temple (1/1) D:4

Altars:
Ashenzari
Cheibriados
Dithmenos
Elyvilon
Fedhas
Hepliaklqana
Kikubaaqudgha
Makhleb
Nemelex Xobeh
Okawaru
Qazlal
Sif Muna
Vehumet
Wu Jian
Xom
Beogh

Annotations:
D:3 4 runed translucent doors, Crazy Yiuf; Sin92's ghost, weakling DsCK
D:5 1 runed translucent door, bchevrier's ghost, novice GnWn


Innate Abilities, Weirdness & Mutations

Your life essence is reduced to manifest your ancestor. (-10% HP)
You have very sharp teeth.
Your uncanny sense of smell can sniff out nearby items.
Your experience applies equally to all skills.


Message History

The gargoyle is moderately damaged.
You conjure some foxfire!
The foxfire hits the gargoyle but does no damage.
The gargoyle is moderately damaged.
The foxfire hits the gargoyle.
The gargoyle is heavily damaged.
You miscast Foxfire.
You are very lightly contaminated with residual magic.
Nothing appears to happen.
The foxfire hits the gargoyle but does no damage.
The gargoyle is heavily damaged.
The foxfire hits the gargoyle but does no damage.
The gargoyle is heavily damaged.
Tepiltzin hits the gargoyle but does no damage.
You conjure some foxfire!
The gargoyle hurls a stone arrow at you.
The stone arrow misses you. The stone arrow hits your foxfire!!
Tepiltzin hits the gargoyle but does no damage.
You feel the dreadful sensation subside.
Your +2 short sword of freezing glows with a cold blue light!
p - a +2 short sword of freezing (weapon)
The foxfire hits the gargoyle but does no damage.
The gargoyle is heavily damaged.
The gargoyle hurls a stone arrow at you.
The stone arrow hits you!
Tepiltzin hits the gargoyle but does no damage.
You hit the gargoyle. You freeze the gargoyle.
The gargoyle is heavily damaged.
The gargoyle hurls a stone arrow at you.
The stone arrow hits you!
Tepiltzin hits the gargoyle.
You are too injured to fight recklessly!
Casting: Foxfire (safe; 2% risk of failure)
Confirm with . or Enter, or press ? or * to list all spells.
Flames lash the gargoyle.
The gargoyle is almost destroyed.
The gargoyle's fire resistance burns away.
The gargoyle hurls a stone arrow at you.
The stone arrow hits you!!
Ouch! That really hurt!
You die...

. ##.#.#.......##
###.<#...#####..#
#.......## ####
..#.###.####### ....#
#.......## .####
##.......##
#######...#+#...##
....##...##.##...##
###.....##...##§@.# #
##...##.....##.9R# #
#...#⌠.!♣?.W#.....# #
#...##.....##......#
#
#....##...##........#
#
#.....##⌠##.........#
#
##.....###..........#
#
####..............##


You could see the friendly Tepiltzin the ancestor, a gargoyle (combustible, ally
target) and bchevrier's ghost.

Vanquished Creatures
  An ogre (D:5)
  A phantom (D:4)
  A bullfrog zombie (D:5)
  A bullfrog skeleton (D:4)
  A centaur skeleton (D:5)
  An iguana (D:5)
  2 orc wizards (D:5)
  3 adders
  3 worms
  3 dart slugs
  7 orcs
  7 ball pythons
  7 endoplasms
  2 giant cockroaches
  3 goblins
  5 hobgoblins
  2 jackals (D:3)
  A quokka (D:1)
  2 bats (D:1)
  2 frilled lizards
  6 kobolds
  3 rats (D:3)
64 creatures vanquished.

Vanquished Creatures (collateral kills)
  A foxfire (D:2)
1 creature vanquished.

Vanquished Creatures (others)
  237 foxfires
237 creatures vanquished.

Grand Total: 302 creatures vanquished

Notes
Turn   | Place    | Note
-------+----------+-------------------------------------------
     0 | D:1      | DocClef the Gnoll Fire Elementalist began the quest for the
                  | Orb.
     0 | D:1      | Reached XP level 1. HP: 13/13 MP: 6/6
   219 | D:1      | Reached XP level 2. HP: 17/19 MP: 3/7
   588 | D:1      | Learned a level 2 spell: Scorch
  1287 | D:2      | Reached skill level 5 in Spellcasting
  1287 | D:2      | Reached XP level 3. HP: 25/25 MP: 3/9
  1378 | D:2      | Found a faded altar of an unknown god.
  1427 | D:2      | Reached skill level 1 in Invocations
  1743 | D:2      | Found a radiant altar of Vehumet.
  1996 | D:2      | Learned a level 3 spell: Conjure Flame
  2000 | D:2      | Learned a level 3 spell: Inner Flame
  2068 | D:2      | Reached skill level 1 in Fighting
  2068 | D:2      | Reached skill level 1 in Short Blades
  2068 | D:2      | Reached skill level 1 in Long Blades
  2068 | D:2      | Reached skill level 1 in Axes
  2068 | D:2      | Reached skill level 1 in Maces & Flails
  2068 | D:2      | Reached skill level 1 in Polearms
  2068 | D:2      | Reached skill level 1 in Staves
  2068 | D:2      | Reached skill level 1 in Slings
  2068 | D:2      | Reached skill level 1 in Bows
  2068 | D:2      | Reached skill level 1 in Crossbows
  2068 | D:2      | Reached skill level 1 in Throwing
  2068 | D:2      | Reached skill level 1 in Armour
  2068 | D:2      | Reached skill level 1 in Shields
  2068 | D:2      | Reached skill level 1 in Unarmed Combat
  2068 | D:2      | Reached skill level 1 in Evocations
  2491 | D:3      | Reached XP level 4. HP: 32/32 MP: 11/11
  3070 | D:3      | Reached skill level 1 in Hexes
  3070 | D:3      | Reached skill level 1 in Summonings
  3070 | D:3      | Reached skill level 1 in Necromancy
  3070 | D:3      | Reached skill level 1 in Translocations
  3070 | D:3      | Reached skill level 1 in Transmutations
  3070 | D:3      | Reached skill level 1 in Ice Magic
  3070 | D:3      | Reached skill level 1 in Air Magic
  3070 | D:3      | Reached skill level 1 in Earth Magic
  3070 | D:3      | Reached skill level 1 in Poison Magic
  3146 | D:3      | Found a runed translucent gate.
  3147 | D:3      | Found a runed translucent gate.
  3148 | D:3      | Found a runed translucent gate.
  3150 | D:3      | Noticed Sin92's ghost (weakling DsCK)
  3314 | D:3      | Found a runed translucent door.
  3315 | D:3      | Noticed Crazy Yiuf
  3531 | D:4      | Found a staircase to the Ecumenical Temple.
  3580 | Temple   | Entered the Ecumenical Temple
  3641 | Temple   | Became a worshipper of Hepliaklqana the Forgotten
  3838 | D:4      | Noticed a phantom
  3845 | D:4      | Killed a phantom
  3846 | D:4      | Reached XP level 5. HP: 37/37 MP: 4/12
  4978 | D:5      | Entered Level 5 of the Dungeon
  4978 | D:5      | Found a runed translucent door.
  4981 | D:5      | Noticed bchevrier's ghost (novice GnWn)
  5009 | D:5      | Reached XP level 6. HP: 44/44 MP: 5/13
  5111 | D:5      | Reached skill level 5 in Dodging
  5495 | D:5      | Reached * piety under Hepliaklqana
  5555 | D:5      | Noticed a gargoyle
  5566 | D:5      | Killed from afar by a gargoyle

Illustrated notes

Levels and vault maps discovered:
D:1:      dpeg_arrival_arbitrary_a, layout_basic, grunt_decor_arrowhead
D:2:      layout_loops_ring, ebering_ecumenical_altar_petrified, basic_altar
D:3:      layout_basic, biasface_ghost_orc_armoury, uniq_crazy_yiuf_cottage
D:4:      layout_layer_cave, minmay_temple_entry_slanted
D:5:      layout_rooms, mainiacjoe_overflow_cross_hatched,
          hellmonk_ghost_happy_afterlife, minmay_misc_feat_more_columns
Temple:   zaba_magenta_temple

Skill      XL: |  1  2  3  4  5  6 |
---------------+-------------------+-----
Conjurations   | 2 |  2.7
Spellcasting   | 5 |  5.4
Invocations    | 1 2 |  2.4
Fighting       | 1 2 |  2.1
Short Blades   | 1 2 |  2.1
Long Blades    | 1 2 |  2.1
Axes           | 1 2 |  2.1
Maces & Flails | 1 2 |  2.1
Polearms       | 1 2 |  2.1
Staves         | 1 2 |  2.1
Slings         | 1 2 |  2.1
Bows           | 1 2 |  2.1
Crossbows      | 1 2 |  2.1
Throwing       | 1 2 |  2.1
Armour         | 1 2 |  2.1
Shields        | 1 2 |  2.1
Unarmed Combat | 1 2 |  2.1
Evocations     | 1 2 |  2.1
Hexes          | 1 |  1.7
Summonings     | 1 |  1.7
Necromancy     | 1 |  1.7
Translocations | 1 |  1.7
Transmutations | 1 |  1.7
Ice Magic      | 1 |  1.7
Air Magic      | 1 |  1.7
Earth Magic    | 1 |  1.7
Poison Magic   | 1 |  1.7
Dodging        | 5 |  5.1
Stealth        | |  4.7
Fire Magic     | |  5.7

Action                   |  1- 3 |  4- 6 || total
-------------------------+-------+-------++-------
Melee: Dagger            |    11 |       ||    11
       Unarmed           |     1 |       ||     1
       Whip              |    49 |    25 ||    74
       Bite              |     6 |       ||     6
       Short sword       |       |     1 ||     1
 Cast: Foxfire           |    25 |   116 ||   141
       Scorch            |     2 |     2 ||     4
 Stab: Sleeping          |     7 |     1 ||     8
Armor: Robe              |    10 |     6 ||    16
Dodge: Dodged            |    35 |    25 ||    60
